 Dungeon Crawl Stone Soup version 0.30-a0-354-g6b83867211 (webtiles) character file.

Game seed: 15915451976126809193

102 jfcaron the Cudgeller (level 4, -1/39 HPs)
             Began as an Armataur Reaver on Nov 8, 2022.
             Slain by Crazy Yiuf
             ... wielding a +2 quarterstaff of chaos
              (19 damage)
             ... on level 2 of the Dungeon.
             The game lasted 00:04:39 (2149 turns).

jfcaron the Cudgeller (Armataur Reaver)             Turns: 2149, Time: 00:04:40

Health: -1/39      AC: 11    Str: 17    XL:     4   Next: 50%
Magic:  7/7        EV:  3    Int: 22    God:
Gold:   79         SH:  0    Dex:  8    Spells: 4/7 levels left

rFire   . . .      SeeInvis .    a - +0 flail
rCold   . . .      Faith    .    (no shield)
rNeg    . . .      Spirit   .    v - +0 plate armour
rPois   .          Reflect  .    p - +1 helmet
rElec   .          Harm     .    (no cloak)
rCorr   .          Roll     +    (no gloves)
Will    .....                    (no barding)
Stlth   ..........               (no amulet)
HPRegen 0.26/turn                f - +6 ring of intelligence
MPRegen 0.10/turn                (no ring)

@: lethally poisoned (-1 -> -4), hasted, very quick
A: large, rugged brown scales 3, deformed body, armoured tail, roll, long
tongue, awkward tongue
a: no special abilities


You were on level 2 of the Dungeon.
You visited 1 branch of the dungeon, and saw 4 of its levels.

You collected 79 gold pieces.

Inventory:

Hand Weapons
 a - a +0 flail (weapon)
 c - a +0 mace
 o - a +4 spectral club
Missiles
 d - 2 boomerangs (quivered)
 h - 19 stones
 n - 3 javelins
Armour
 b - a +0 leather armour
 p - a +1 helmet (worn)
 v - a +0 plate armour (worn)
Jewellery
 f - a +6 ring of intelligence (left hand)
Scrolls
 e - a scroll of torment {unknown}
 i - a scroll of identify {unknown}
 k - 2 scrolls of teleportation {unknown}
 l - a scroll of magic mapping {unknown}
 m - 3 scrolls of acquirement {unknown}
 r - a scroll of fear {unknown}
 s - a scroll of amnesia {unknown}
 t - a scroll of immolation {unknown}
 u - a scroll of fog {unknown}
Potions
 g - a potion of resistance {unknown}
 j - a potion of heal wounds
 q - a potion of might {unknown}


   Skills:
 + Level 2.6 Fighting
 + Level 3.3 Maces & Flails
 + Level 2.1 Armour
 - Level 1.4 Dodging
 - Level 2.0 Spellcasting
 - Level 3.0 Conjurations
 + Level 1.2 Translocations


You had 4 spell levels left.
You knew the following spells:

 Your Spells              Type           Power      Damage    Failure   Level
a - Kiss of Death         Conj/Necr      32%        2d7       99%         1
b - Momentum Strike       Conj/Tloc      22%        3d8       99%         2

Your spell library contained the following spells:

 Spells                   Type           Power      Damage    Failure   Level
 Hailstorm                Conj/Ice       8%         3d4       100%        3


Dungeon Overview and Level Annotations

Branches:
Dungeon (4/15)
 Temple: D:4-7

Altars:

Annotations:
D:2 Crazy Yiuf


Innate Abilities, Weirdness & Mutations

You are completely covered in rugged brown scales. (AC +3, +7% HP)
Armour fits poorly on your strangely shaped body.
You have a long armoured tail.
You roll when moving toward enemies. (Rampage)
Your long tongue fully drains potion bottles. (2x potion effects)
Your tongue gives you trouble enunciating. (1.5x scroll delay)


Message History

A nearby fungus withers and dies. x2
You hit the fungus.
The fungus begins to die.
You tail-slap the fungus!
The fungus is lightly damaged.
You hit the fungus but do no damage.
A nearby fungus withers and dies.
A nearby fungus withers and dies.
You hit the fungus.
The fungus begins to die.
You tail-slap the fungus, but do no damage.
The fungus is lightly damaged.
Found a hammer.
Found a runed translucent door.
You open the door. You barely miss Crazy Yiuf.
Crazy Yiuf says, "Cholesterol wrapper koolooloo!"
Crazy Yiuf hits you with a +2 quarterstaff of chaos.
Crazy Yiuf burns you.
You barely miss Crazy Yiuf. Crazy Yiuf barely misses you.
Crazy Yiuf hits you with a +2 quarterstaff of chaos.
Crazy Yiuf freezes you.
You closely miss Crazy Yiuf. Crazy Yiuf completely misses you.
You closely miss Crazy Yiuf.
Crazy Yiuf whimpers, "Whiteboard!"
Crazy Yiuf hits you with a +2 quarterstaff of chaos!
You are poisoned.
You hit Crazy Yiuf but do no damage.
Your tail-slap misses Crazy Yiuf.
You feel very sick.
Crazy Yiuf says, "Spliff leg action!"
Crazy Yiuf hits you with a +2 quarterstaff of chaos.
Crazy Yiuf freezes you.
Unknown command.
You closely miss Crazy Yiuf.
You feel sick.
Crazy Yiuf hits you with a +2 quarterstaff of chaos.
You slurp down every last drop of the 2 white potions!
It was a potion of heal wounds.
You feel much better.
You feel sick.
Crazy Yiuf hits you with a +2 quarterstaff of chaos.
You closely miss Crazy Yiuf.
You feel sick.
Crazy Yiuf yells, "Buddy bag infinity!"
Crazy Yiuf hits you with a +2 quarterstaff of chaos!
You feel yourself speed up.
Crazy Yiuf hits you with a +2 quarterstaff of chaos.
You are electrocuted!!
You die...

.######### #............#
.# ##########...# .# #...#
.# ##### #...# .# #)..#
##### .## #...#
..########## ...
.......##..# #g#
.......##.## ♣@♣♣
.......##.# ♣♣.♣
.......#..# ♣.♣♣
###..#...## ♣♣.♣ ##...###
♣♣.♣♣ ##>.# ♣♣.P.♣
########## #.###### ♣....♣
#........# #.)....# ##..##
#........#
#......####....###........#


You could see Crazy Yiuf.

Vanquished Creatures
  Natasha (D:2)
  Robin (D:4)
  An adder (D:2)
  A ball python (D:2)
  2 bats (D:2)
  5 endoplasms
  A giant cockroach (D:2)
  11 goblins
  8 hobgoblins
  4 jackals (D:1)
  6 quokkas
  2 frilled lizards
  4 kobolds
  4 rats
  6 fungi (D:2)
  2 plants (D:1)
59 creatures vanquished.

Notes
Turn   | Place    | Note
-------+----------+-------------------------------------------
     0 | D:1      | jfcaron the Armataur Reaver began the quest for the Orb.
     0 | D:1      | Reached XP level 1. HP: 18/18 MP: 3/3
   174 | D:1      | Reached XP level 2. HP: 25/25 MP: 4/4
   457 | D:1      | Reached skill level 1 in Armour
   760 | D:2      | Reached XP level 3. HP: 24/28 MP: 4/6
   763 | D:2      | Learned a level 2 spell: Momentum Strike
   811 | D:2      | You fall into a shaft and drop 2 floors!
   816 | D:3      | Noticed Robin
   986 | D:4      | Killed Robin
  1460 | D:2      | Reached XP level 4. HP: 35/36 MP: 7/7
  1858 | D:2      | Noticed Natasha
  1866 | D:2      | Killed Natasha
  1867 | D:2      | Reached skill level 1 in Translocations
  2137 | D:2      | Found a runed translucent door.
  2138 | D:2      | Noticed Crazy Yiuf
  2149 | D:2      | Slain by Crazy Yiuf

Illustrated notes

Levels and vault maps discovered:
D:1:      wander_arrival_desolate, layout_loops_ring, chequers_big_river
D:2:      layout_basic, uniq_natasha, uniq_crazy_yiuf_cottage
D:3:      layout_basic, hellmonk_ecumenical_altar_lost_god, serial_forest,
          infiniplex_forest_end_2, infiniplex_forest_diagonal,
          infiniplex_forest_clump_small, infiniplex_forest_lined_room_3,
          infiniplex_forest_3_way, infiniplex_forest_clump_small,
          infiniplex_forest_corner_1, hellmonk_ghost_happy_afterlife,
          uniq_sigmund, uniq_robin
D:4:      layout_rooms, serial_rivers, chequers_serial_rivers_large_a,
          chequers_serial_rivers_micro_c, chequers_serial_rivers_room_a,
          chequers_serial_rivers_micro_c, uniq_edmund, uniq_grinder,
          uniq_eustachio

Skill      XL: |  1  2  3  4 |
---------------+-------------+-----
Fighting       | 2 |  2.6
Spellcasting   | 2 |  2.0
Armour         | 1 2 |  2.1
Maces & Flails | 3 |  3.3
Conjurations   | 3 |  3.0
Translocations | 1 |  1.2
Dodging        | |  1.4

Action                   |  1- 3 |  4- 6 || total
-------------------------+-------+-------++-------
Melee: Flail             |    90 |    38 ||   128
       Tailslap          |     9 |     4 ||    13
Throw: Boomerang         |    69 |    13 ||    82
 Cast: Kiss of Death     |     2 |       ||     2
  Use: Potion            |       |     1 ||     1
Armor: Leather armour    |    34 |    10 ||    44
Dodge: Dodged            |    50 |     9 ||    59

Table legend: (Time is in decaauts)
 A = Elapsed time spent in this place.
 B = Non-inter-level travel time spent in this place.
 C = Inter-level travel time spent in this place.
 D = Time resting spent in this place.
 E = Time spent auto-exploring this place.
 F = Levels seen in this place.
 G = Mean time per level.
                   A        B        C        D        E       F      G
               +--------+--------+--------+--------+--------+-----+--------+
         Total |   2217 |   2188 |     29 |    286 |   1500 |   4 |  554.2 |
       Dungeon |   2217 |   2188 |     29 |    286 |   1500 |   4 |  554.2 |
               +--------+--------+--------+--------+--------+-----+--------+

Top non-repeatable levels by time:
     D:2: 1075 daAuts
     D:1: 767 daAuts
     D:4: 237 daAuts
     D:3: 137 daAuts
